 Dungeon Crawl Stone Soup version 0.21.0-3-g78d12a8 (webtiles) character file.

66360 nuthulu the Peltast (level 15, -14/108 HPs)
             Began as a Gargoyle Fighter on Jan 10, 2018.
             Was the Champion of Okawaru.
             Killed from afar by an ogre mage (56 damage)
             ... with a crystal spear
             ... on level 2 of the Orcish Mines.
             The game lasted 00:43:41 (18889 turns).

nuthulu the Peltast (Gargoyle Fighter)             Turns: 18889, Time: 00:43:42

Health: -14/108    AC: 46    Str: 27    XL:     15   Next: 19%
Magic:  15/15      EV:  8    Int: 17    God:    Okawaru [******]
Gold:   2093       SH: 22    Dex:  7    Spells: 14/14 levels left

rFire    + . .     SeeInvis .   u - +3 flail (crush)
rCold    + . .     Gourm    .   c - +1 shield
rNeg     + . .     Faith    .   d - +9 plate armour "Boucotos" {Str+5 Int+4 Dex-5 Stlth+}
rPois    ∞         Spirit   .   B - +2 hat {MR+}
rElec    +         Reflect  +   F - +2 cloak "Vouzit" {rF+ Stlth+}
rCorr    .         Harm     .   G - +1 pair of gloves
MR       ++...                  w - +0 pair of boots
Stlth    ..........             i - +3 amulet of reflection
HPRegen  0.28/turn              n - +3 ring of intelligence
MPRegen  0.14/turn              x - ring of protection from cold

@: flying
A: big wings, talons 2, large bone plates 1, negative energy resistance 1,
robust 1, electricity resistance, unbreathing, petrification resistance, rot
immunity, AC +11
a: Stop Flying, Heroism, Finesse, Renounce Religion


You were on level 2 of the Orcish Mines.
You worshipped Okawaru.
Okawaru was exalted by your worship.
You were not hungry.

You visited 4 branches of the dungeon, and saw 19 of its levels.

You collected 2093 gold pieces.

Inventory:

Hand Weapons
 u - a +3 flail of crushing (weapon)
 A - a +2 flail of protection
 L - a +2 demon whip of venom
Armour
 c - a +1 shield (worn)
 d - the +9 plate armour "Boucotos" (worn) {Str+5 Int+4 Dex-5 Stlth+}
   (You found it on level 7 of the Dungeon)

   It affects your strength (+5).
   It affects your intelligence (+4).
   It affects your dexterity (-5).
   It makes you more stealthy.
 w - a +0 pair of boots (worn)
 B - a +2 hat of magic resistance (worn)
 F - the +2 cloak "Vouzit" (worn) {rF+ Stlth+}
   (Okawaru gifted it to you on level 3 of the Lair of Beasts)

   It protects you from fire.
   It makes you more stealthy.
 G - a +1 pair of gloves (worn)
 N - a +2 plate armour of fire resistance
Jewellery
 i - a +3 amulet of reflection (around neck)
 n - a +3 ring of intelligence (left hand)
 o - a +2 ring of intelligence
 x - a ring of protection from cold (right hand)
Wands
 g - a wand of acid (9)
 p - a wand of flame (118)
 s - a wand of random effects (46)
 J - a wand of clouds (4)
Scrolls
 b - 4 scrolls of amnesia
 h - 5 scrolls of remove curse
 k - 6 scrolls of teleportation
 m - 2 scrolls of fog
 v - 6 scrolls of identify
 I - 2 scrolls of brand weapon
 K - a scroll of magic mapping
Potions
 a - 7 potions of curing
 e - 4 potions of agility
 j - 3 potions of lignification
 l - 2 potions of brilliance
 q - a potion of heal wounds
 r - 2 potions of might
 t - a potion of flight
 z - a potion of invisibility
 C - 3 potions of haste
 D - a potion of resistance
 E - 2 potions of cancellation
Books
 y - a book of Conjurations

   Spells                             Type                      Level
   a - Magic Dart                     Conjuration                  1
   b - Searing Ray                    Conjuration                  2
   c - Dazzling Spray                 Conjuration/Hexes            3
   d - Fulminant Prism                Conjuration/Hexes            4
   e - Force Lance                    Conjuration/Translocation    4
   f - Iskenderun's Mystic Blast      Conjuration                  4
 H - a Young Poisoner's Handbook

   Spells                             Type                      Level
   a - Sting                          Conjuration/Poison           1
   b - Poisonous Vapours              Poison/Air                   2
   c - Mephitic Cloud                 Conjuration/Poison/Air       3
   d - Olgreb's Toxic Radiance        Poison                       4
   e - Venom Bolt                     Conjuration/Poison           5
Comestibles
 f - 20 rations
 M - 2 chunks of flesh


   Skills:
 + Level 13.6 Fighting
 - Level 14.0 Maces & Flails
 + Level 13.8 Armour
 - Level 15.0 Shields


You had 14 spell levels left.
You didn't know any spells.

Dungeon Overview and Level Annotations

Branches:
Dungeon (10/15)            Temple (1/1) D:4            Lair (6/6) D:8
  Swamp (0/4) Lair:4        Snake (0/4) Lair:3        Slime (0/5) Lair:5
    Orc (2/2) D:10
    Elf: Orc:2

Altars:
Ashenzari
Cheibriados
Dithmenos
Elyvilon
Fedhas
Gozag
Hepliaklqana
Kikubaaqudgha
Makhleb
Nemelex Xobeh
Okawaru
Qazlal
Ru
Sif Muna
Trog
Uskayaw
Vehumet
Wu Jian
Xom
Yredelemnul
Zin
The Shining One
Beogh
Jiyva

Shops:
Orc:2 }(

Portals:
Hell: Lair:6


Innate Abilities, Weirdness & Mutations

You are resistant to torment.
Your stone body is resilient. (AC +11)
You are immune to poison.
Your large and strong wings let you fly indefinitely.
You resist negative energy. (rN+)
You are resistant to electric shocks. (rElec)
You can survive without breathing.
You are immune to petrification.
You are immune to rotting.
You have razor-sharp toenails.
You are partially covered in large bone plates. (SH +4)
You are robust. (+10% HP)


Message History

You block the ogre mage's attack.
You feel much better.
Some of the chunks of flesh in your inventory have rotted away.
An ogre comes into view. It is wielding a giant club.
The ogre shouts!
You block the ogre mage's attack. The troll bites you but does no damage.
You block the troll's attack. x2
You hit the ogre mage.
The ogre mage is lightly wounded.
You block the troll's attack. x2; The troll barely misses you.
You block the ogre mage's attack.
You thump the ogre mage!
The ogre mage is heavily wounded.
The troll barely misses you. You block the troll's attack. x2
You bludgeon the ogre mage!!
The ogre mage is almost dead.
The ogre mage gestures at you while chanting.
The crystal spear hits you!
Ouch! That really hurt!
You die...

#######..########...##
............).........#.
..........).))..........
..O.#.#...).)).#####....
.#.........$....)..)..)#.##....
.#..................)).........#
..................).).....#....#
.#.3..............#))#..........
..............O@.)))[....#.)....
....o5........T...#.....###)..#.
#...5o5...........###..###.))...
.....35<.....$.....########)....
.....o5.............#.#.#####.#.
...3.............#<......##....#
........................#......#
................................
.......#...................##..#


You could see an ogre mage, a troll and an ogre.

Vanquished Creatures
  Gastronok (Lair:1)
  An orc warlord (D:10)
  The ghost of microfolk the Warrior, a journeyman GrFi of Okawaru (Orc:1)
  3 hydras
  A catoblepas (Lair:6)
  16 two-headed ogres
  6 death yaks
  3 ogre magi (Orc:2)
  Urug (Lair:5)
  A sixfirhy (Lair:6)
  An unseen horror (D:10)
  4 swamp dragons (Lair:3)
  Pikel (D:6)
  A wizard (Lair:6)
  An orc sorcerer (Orc:2)
  10 deep elf magi (Orc:1)
  9 black mambas
  11 spiny frogs
  Joseph (D:8)
  3 orange demons (Lair:6)
  6 rime drakes
  5 komodo dragons
  A hellwing (Lair:6)
  A merfolk (D:10)
  2 red devils (Lair:6)
  5 trolls
  Grinder (D:4)
  6 blink frogs
  A polar bear (Lair:4)
  Prince Ribbit (D:6)
  5 dream sheep (Lair:6)
  10 hippogriffs
  Sigmund (D:6)
  18 yaks
  2 wyverns
  A wraith (D:10)
  A human (D:10)
  A basilisk (Lair:2)
  Duvessa (D:4)
  4 swamp worms (Lair:4)
  2 wargs (Orc:1)
  Edmund (D:4)
  21 water moccasins
  4 hell hounds (Lair:6)
  7 porcupines
  3 black bears
  14 orc warriors
  2 phantoms
  A necrophage (D:10)
  29 ogres
  15 wolves
  3 centaurs
  10 crocodiles
  11 bullfrogs
  A gnoll sergeant (D:9)
  Dowan (D:4)
  A wyvern skeleton (D:6)
  6 scorpions
  6 killer bees (D:8)
  4 wights (D:10)
  6 electric eels
  3 howler monkeys (D:7)
  2 bullfrog zombies
  7 crimson imps
  A quasit (D:10)
  A bullfrog skeleton (D:9)
  3 jellies
  A gnoll shaman (D:6)
  4 hounds
  A centaur skeleton (D:5)
  9 orc priests
  3 iguanas
  18 orc wizards
  6 worker ants
  A killer bee zombie (D:8)
  A hound zombie (D:10)
  2 hound skeletons
  8 gnolls
  16 adders
  3 shadow imps
  An adder zombie (D:9)
  An ooze (D:2)
  4 worms
  5 dart slugs
  4 leopard geckos
  43 orcs
  3 giant cockroaches
  8 goblins
  12 hobgoblins
  3 jackals (D:5)
  8 kobolds
  5 quokkas
  6 bats
  2 frilled lizards (D:3)
  4 rats
  A fungus (Lair:6)
497 creatures vanquished.

Vanquished Creatures (others)
  Nessos (Lair:5)
  4 centaurs
  An orc priest (Orc:2)
  An orc wizard (Orc:1)
  An orc (D:8)
  A fungus (Lair:6)
  3 plants
12 creatures vanquished.

Grand Total: 509 creatures vanquished

Notes
Turn   | Place    | Note
-------+----------+-------------------------------------------
     0 | D:1      | nuthulu the Gargoyle Fighter began the quest for the Orb.
     0 | D:1      | Reached XP level 1. HP: 14/14 MP: 1/1
   203 | D:1      | Reached XP level 2. HP: 19/19 MP: 2/2
   546 | D:1      | Reached XP level 3. HP: 6/23 MP: 3/3
   976 | D:1      | Reached skill level 4 in Shields
  1538 | D:2      | Reached XP level 4. HP: 22/28 MP: 4/4
  1597 | D:2      | Found a sparkling altar of Nemelex Xobeh.
  2092 | D:3      | HP: 2/42 [something (2)]
  2103 | D:3      | Reached XP level 5. HP: 4/32 MP: 5/5
  2336 | D:3      | Reached skill level 5 in Shields
  2593 | D:3      | Gained mutation: You are robust. (+10% HP) [potion of mutation]
  2593 | D:3      | Gained mutation: You have sharp toenails. [potion of mutation]
  2593 | D:3      | Gained mutation: You are partially covered in large bone plates. (SH +4) [potion of mutation]
  2593 | D:3      | Gained mutation: You have razor-sharp toenails. [potion of mutation]
  2801 | D:4      | Noticed an ogre
  2811 | D:4      | Killed an ogre
  2811 | D:4      | Reached XP level 6. HP: 28/40 MP: 6/6
  2958 | D:4      | Noticed Edmund
  2973 | D:4      | Killed Edmund
  2973 | D:4      | Reached skill level 5 in Maces & Flails
  2973 | D:4      | Reached skill level 6 in Shields
  3002 | D:4      | Found a glowing golden altar of the Shining One.
  3040 | D:4      | Noticed Duvessa
  3041 | D:4      | Noticed Grinder
  3046 | D:4      | Noticed Dowan
  3053 | D:4      | Reached XP level 7. HP: 23/45 MP: 7/7
  3082 | D:4      | Killed Duvessa
  3087 | D:4      | Killed Dowan
  3241 | D:4      | Killed Grinder
  3241 | D:4      | Reached skill level 7 in Shields
  3271 | D:4      | Found a staircase to the Ecumenical Temple.
  3313 | Temple   | Entered the Ecumenical Temple
  3382 | Temple   | Became a worshipper of Warmaster Okawaru
  3932 | D:5      | Entered Level 5 of the Dungeon
  3970 | D:5      | Found a shadowy altar of Dithmenos.
  3979 | D:5      | Reached XP level 8. HP: 43/50 MP: 8/8
  4158 | D:5      | Found a bloodstained altar of Trog.
  4255 | D:5      | Reached skill level 8 in Shields
  4357 | D:5      | Found a sacrificial altar of Ru.
  5173 | D:6      | Noticed Sigmund
  5195 | D:5      | Reached * piety under Okawaru
  5209 | D:6      | Killed Sigmund
  5328 | D:6      | Reached skill level 9 in Shields
  5339 | D:6      | Noticed Pikel
  5341 | D:6      | Found a stormy altar of Qazlal.
  5353 | D:6      | Killed Pikel
  5353 | D:6      | Reached ** piety under Okawaru
  5353 | D:6      | Reached XP level 9. HP: 45/56 MP: 6/9
  5511 | D:6      | Reached skill level 10 in Shields
  5681 | D:6      | Found a glowing silver altar of Zin.
  5867 | D:6      | Noticed Prince Ribbit
  5877 | D:6      | Killed Prince Ribbit
  5877 | D:6      | Reached *** piety under Okawaru
  6116 | D:7      | Noticed a two-headed ogre
  6121 | D:7      | Reached skill level 11 in Shields
  6134 | D:7      | Killed a two-headed ogre
  6134 | D:7      | Reached **** piety under Okawaru
  6134 | D:7      | Reached skill level 10 in Maces & Flails
  6134 | D:7      | Reached XP level 10. HP: 61/61 MP: 7/10
  6342 | D:7      | Found a hazy altar of Hepliaklqana.
  6351 | D:7      | Got a slimy plate armour
  6362 | D:7      | Identified the +9 plate armour "Boucotos" {Str+5 Int+4 Dex-5 Stlth+} (You found it on level 7 of the Dungeon)
  6742 | D:8      | Noticed a two-headed ogre
  6757 | D:8      | Noticed Joseph
  6770 | D:8      | Killed a two-headed ogre
  6770 | D:8      | Reached skill level 12 in Shields
  6781 | D:8      | Killed Joseph
  6781 | D:8      | Reached ***** piety under Okawaru
  7240 | D:8      | Found a deep blue altar of Sif Muna.
  7242 | D:8      | Found a snail-covered altar of Cheibriados.
  7366 | D:8      | Reached XP level 11. HP: 41/66 MP: 11/11
  7613 | D:8      | Found a staircase to the Lair.
  7880 | D:8      | Found a sacrificial altar of Ru.
  7882 | D:8      | Found an ornate altar of the Wu Jian Council.
  8050 | D:9      | Reached skill level 13 in Shields
  8236 | D:9      | Found a burning altar of Makhleb.
  8237 | D:9      | Found a radiant altar of Vehumet.
  8960 | D:10     | Entered Level 10 of the Dungeon
  9046 | D:10     | Found a staircase to the Orcish Mines.
  9361 | D:10     | Killed an unseen horror
  9365 | D:10     | Noticed a two-headed ogre
  9384 | D:10     | Killed a two-headed ogre
  9966 | Lair:1   | Entered Level 1 of the Lair of Beasts
  9977 | Lair:1   | Noticed Gastronok
 10009 | Lair:1   | Killed Gastronok
 10009 | Lair:1   | Received a gift from Okawaru
 10009 | Lair:1   | Reached skill level 14 in Shields
 10026 | Lair:1   | Got a faintly glowing great mace {god gift}
 10032 | Lair:1   | Identified the +1 great mace "Atoegomo" {crush, rF- MR++ Int+4} (Okawaru gifted it to you on level 1 of the Lair of Beasts)
 10258 | Lair:1   | Reached XP level 12. HP: 70/70 MP: 12/12
 10469 | Lair:1   | Found an ornate altar of the Wu Jian Council.
 10473 | Lair:1   | Noticed a seven-headed hydra
 10497 | Lair:1   | Killed a seven-headed hydra
 11202 | Lair:2   | Reached skill level 15 in Shields
 12070 | Lair:3   | Reached skill level 5 in Armour
 12242 | Lair:3   | Found a staircase to the Snake Pit.
 12340 | Lair:3   | Reached skill level 5 in Fighting
 12392 | Lair:3   | Found a transporter.
 12444 | Lair:3   | Found a transporter.
 12493 | Lair:3   | Received a gift from Okawaru
 12869 | Lair:3   | Reached XP level 13. HP: 78/81 MP: 10/13
 12892 | Lair:3   | Received a gift from Okawaru
 12895 | Lair:3   | Got a warped cloak {god gift}
 12901 | Lair:3   | Identified the +2 cloak "Vouzit" {rF+ Stlth+} (Okawaru gifted it to you on level 3 of the Lair of Beasts)
 13308 | Lair:4   | Found a staircase to the Swamp.
 14311 | Lair:5   | Found a viscous altar of Jiyva.
 14323 | Lair:5   | Found a staircase to the Slime Pits.
 14441 | Lair:5   | Noticed Urug
 14444 | Lair:5   | Noticed Nessos
 14453 | Lair:5   | Killed Nessos
 14458 | Lair:5   | Killed Urug
 14931 | Lair:6   | Entered Level 6 of the Lair of Beasts
 15073 | Lair:6   | Reached skill level 10 in Armour
 15129 | Lair:6   | Reached skill level 10 in Fighting
 15395 | Lair:6   | Reached ****** piety under Okawaru
 15409 | Lair:6   | Gained mutation: Your large and strong wings let you fly indefinitely. [Gargoyle growth]
 15409 | Lair:6   | Reached XP level 14. HP: 50/96 MP: 14/14
 15424 | Lair:6   | Received a gift from Okawaru
 16446 | Lair:6   | Found a burning altar of Makhleb.
 16619 | Lair:6   | Found a gateway to Hell.
 17131 | Orc:1    | Entered Level 1 of the Orcish Mines
 17133 | Orc:1    | Noticed an orc warlord
 17173 | Orc:1    | Noticed microfolk's ghost (journeyman GrFi)
 17208 | D:10     | Killed an orc warlord
 17208 | D:10     | Received a gift from Okawaru
 17428 | Orc:1    | Killed microfolk's ghost
 18221 | Orc:1    | Found a roughly hewn altar of Beogh.
 18305 | Orc:2    | Entered Level 2 of the Orcish Mines
 18647 | Orc:2    | Reached XP level 15. HP: 76/107 MP: 15/15
 18767 | Orc:2    | Found Pezew's Antique Weapon Boutique.
 18767 | Orc:2    | Found Raiger's Gadget Shoppe.
 18889 | Orc:2    | Killed from afar by an ogre mage

Skill      XL: |  1  2  3  4  5  6  7  8  9 10 11 12 13 14 |
---------------+-------------------------------------------+-----
Shields        | 4 5 6 7 9 11 12 14 15 | 15.0
Maces & Flails | 3 4 5 6 8 10 11 13 14 | 14.0
Armour         | 6 10 13 | 13.8
Fighting       | 6 10 13 | 13.6

Action                   |  1- 3 |  4- 6 |  7- 9 | 10-12 | 13-15 || total
-------------------------+-------+-------+-------+-------+-------++-------
Melee: Flail             |   144 |   142 |    66 |   947 |  1132 ||  2431
       Kick              |       |     9 |    56 |     7 |       ||    72
       Morningstar       |       |     6 |   124 |       |       ||   130
       Demon whip        |       |       |       |       |    13 ||    13
Invok: Heroism           |       |       |     2 |     5 |     3 ||    10
 Abil: Fly               |       |       |       |       |     1 ||     1
  Use: Scroll            |     4 |     4 |     4 |    16 |     1 ||    29
       Potion            |       |     3 |       |     1 |     3 ||     7
  Eat: Chunk             |     2 |     5 |     3 |    16 |    11 ||    37
       Ration            |       |       |     2 |     2 |     3 ||     7
Armor: Scale mail        |    81 |    67 |    61 |       |       ||   209
       Plate armour      |       |       |    12 |   339 |   542 ||   893
Dodge: Dodged            |    68 |    20 |    46 |    91 |   198 ||   423
Block: Shield            |    86 |    84 |   208 |   845 |  1227 ||  2450
       Reflection        |       |       |    10 |    25 |    20 ||    55
